 Dungeon Crawl Stone Soup version 0.26-a0-1126-g3318b609a0 (webtiles) character file.

Game seed: 9115383274407756860

103 Dracia the Covered (level 4, -4/35 HPs)
             Began as a Demonspawn Fighter on Dec 17, 2020.
             Killed by divine providence
             ... invoked by an orc priest
              (15 damage)
             ... on level 3 of the Dungeon.
             The game lasted 00:04:54 (3124 turns).

Dracia the Covered (Demonspawn Fighter)             Turns: 3124, Time: 00:04:54

Health: -4/35      AC:  5    Str: 18    XL:     4   Next: 51%
Magic:  4/4        EV: 10    Int:  9    God:
Gold:   148        SH:  0    Dex: 12    Spells: 3/3 levels left

rFire    . . .     SeeInvis +     - Unarmed
rCold    . . .     Faith    .   (no shield)
rNeg     . . .     Spirit   .   k - +0 ring mail (curse)
rPois    .         Reflect  .   (no helmet)
rElec    .         Harm     .   (no cloak)
rCorr    .         Rampage  .   (no gloves)
Will     .....                  (no boots)
Stlth    +.........             (no amulet)
HPRegen  0.11/turn              v - ring of see invisible
MPRegen  0.09/turn              (no ring)

@: no status effects
A: claws 1, powered by pain 1
a: no special abilities


You were on level 3 of the Dungeon.
You visited 1 branch of the dungeon, and saw 3 of its levels.

You collected 148 gold pieces.


Innate Abilities, Weirdness & Mutations

You have sharp fingernails.
You sometimes gain a little power by taking damage.


   Skills:
 - Level 3.0 Fighting
 - Level 1.8 Short Blades
 + Level 3.3 Armour
 - Level 0.1 Dodging
 - Level 3.0 Shields
 + Level 2.9 Unarmed Combat


You had 3 spell levels left.
You didn't know any spells.
Your spell library was empty.

Inventory:

Armour
 b - a +0 scale mail
 c - a +0 kite shield
 j - a scarf of harm
 k - a cursed +0 ring mail (worn)
Jewellery
 h - a cursed -4 ring of slaying {unknown}
 v - a ring of see invisible (left claw)
Scrolls
 e - a scroll of magic mapping {unknown}
 f - 3 scrolls of identify {unknown}
 g - a scroll of teleportation {unknown}
 l - a scroll of remove curse {unknown}
Potions
 a - 2 potions of flight {unknown}
 d - 2 potions of might
 i - a potion of mutation {unknown}

Dungeon Overview and Level Annotations

Branches:
Dungeon (3/15)

Altars:
Okawaru
Ru
Uskayaw

≈≈≈≈88...#......##...#
.≈≈≈≈####.##.#.#.##...#
.≈≈≈≈≈ #.##.#..)..(..#
#≈≈≈≈≈ #.##.###<)#.#.##
#≈≈≈≈# #.##.####.#g....
#≈≈≈≈≈##.##.....[##.>..
##≈≈≈≈≈...#########
...# ...≈≈≈≈...#####
...# #..o≈≈≈@r.......
...# #.#o≈≈≈o..######
#.## #.≈o≈≈≈...# .#
..≈≈≈≈≈...# .#
##≈≈≈≈#...# #≈≈≈≈≈.....
#≈≈≈≈≈.##### ≈≈≈≈≈#.


You could see an orc priest, 3 orcs and a quokka.


Message History

* * * LOW HITPOINT WARNING * * *
You scratch the orc priest.
The orc priest is heavily wounded.
The quokka bites you but does no damage.
The orc priest barely misses you.
Unknown command.
You scratch the orc priest.
The orc priest is severely wounded.
The quokka completely misses you.
The orc priest begins to cast a cantrip, but forgets the words!
The quokka bites you but does no damage.
You closely miss the orc priest.
The orc priest is severely wounded.
The quokka bites you but does no damage.
The orc priest hits you with a +0 falchion.
* * * LOW HITPOINT WARNING * * *
You barely miss the orc priest.
The orc priest is severely wounded.
The quokka barely misses you.
The orc priest hits you but does no damage.
Unknown command.
You scratch the orc priest.
The orc priest is almost dead.
The quokka bites you.
* * * LOW HITPOINT WARNING * * *
You scratch the orc priest but do no damage.
The orc priest is almost dead.
The orc priest invokes the aid of Beogh against you.
Beogh smites you!
You die...

Skill      XL: |  1  2  3 |
---------------+----------+-----
Armour         | 3 |  3.3
Shields        | 3 |  3.0
Unarmed Combat | 1 2 |  2.9
Fighting       | |  3.0
Short Blades   | |  1.8
Dodging        | |  0.1

Action                   |  1- 3 |  4- 6 || total
-------------------------+-------+-------++-------
Melee: Rapier            |    51 |       ||    51
       Unarmed           |   165 |    19 ||   184
       Punch             |     2 |       ||     2
Armor: Scale mail        |   109 |       ||   109
       Ring mail         |     6 |    12 ||    18
Dodge: Dodged            |    93 |     8 ||   101
Block: Kite shield       |    43 |       ||    43

Levels and vault maps discovered:
D:1:      ncdulo_watergridlock, layout_basic
D:2:      layout_basic, hangedman_ru_absence, grunt_temple_overflow_open
D:3:      wander_river, layout_basic, kennysheep_generic_room_4

Notes
Turn   | Place    | Note
-------+----------+-------------------------------------------
     0 | D:1      | Dracia the Demonspawn Fighter began the quest for the Orb.
     0 | D:1      | Reached XP level 1. HP: 18/18 MP: 1/1
   153 | D:1      | Gained mutation: You have sharp fingernails. [demonic
                  | ancestry]
   153 | D:1      | Reached XP level 2. HP: 19/24 MP: 2/2
   155 | D:1      | Reached skill level 3 in Armour
   230 | D:1      | Reached skill level 3 in Shields
   596 | D:1      | Reached skill level 1 in Unarmed Combat
  1072 | D:1      | Gained mutation: You sometimes gain a little power by
                  | taking damage. [demonic ancestry]
  1072 | D:1      | Reached XP level 3. HP: 5/29 MP: 3/3
  1587 | D:2      | Found a sacrificial altar of Ru.
  1619 | D:2      | Found an iron altar of Okawaru.
  1619 | D:2      | Found a hide-covered altar of Uskayaw.
  2103 | D:2      | Reached skill level 2 in Unarmed Combat
  2802 | D:2      | Reached XP level 4. HP: 13/35 MP: 4/4
  3124 | D:3      | Killed from afar by an orc priest

Vanquished Creatures
  A hound (D:2)
  An adder (D:2)
  2 worms (D:2)
  A dart slug (D:1)
  2 leopard geckos
  An orc (D:3)
  8 bats
  2 giant cockroaches
  7 goblins
  8 hobgoblins
  4 jackals (D:2)
  5 kobolds
  2 frilled lizards
  8 rats
52 creatures vanquished.

Table legend: (Time is in decaauts)
 A = Elapsed time spent in this place.
 B = Non-inter-level travel time spent in this place.
 C = Inter-level travel time spent in this place.
 D = Time resting spent in this place.
 E = Time spent auto-exploring this place.
 F = Levels seen in this place.
 G = Mean time per level.
                   A        B        C        D        E       F      G
               +--------+--------+--------+--------+--------+-----+--------+
         Total |   3134 |   3046 |     88 |    777 |   1815 |   3 | 1044.7 |
       Dungeon |   3134 |   3046 |     88 |    777 |   1815 |   3 | 1044.7 |
               +--------+--------+--------+--------+--------+-----+--------+

Top non-repeatable levels by time:
     D:2: 1545 daAuts
     D:1: 1439 daAuts
     D:3: 148 daAuts

Table legend:
 A = Non-vault XP
 B = Vault XP
 C = Vault XP percentage of total XP
 D = Non-vault monster count
 E = Vault monster count
 F = Vault count percentage of total count
                 A         B        C        D         E       F
            +---------+---------+-------+---------+---------+-------
      Total |     148 |       0 |   0.0 |      52 |       0 |   0.0
            +---------+---------+-------+---------+---------+-------
        D:1 |      42 |       0 |   0.0 |      25 |       0 |   0.0
        D:2 |      92 |       0 |   0.0 |      20 |       0 |   0.0
        D:3 |      14 |       0 |   0.0 |       7 |       0 |   0.0
            +---------+---------+-------+---------+---------+-------
